 Dungeon Crawl Stone Soup version 0.14-a0-226-gcf818b1 (webtiles) character file.

387 Leibowitz the Cutter (level 6, -6/58 HPs)
             Began as a Kobold Berserker on Oct 11, 2013.
             Was a Priest of Trog.
             Mangled by an ogre
             ... wielding a +0,+0 giant club
              (28 damage)
             ... on Level 4 of the Dungeon.
             The game lasted 00:13:01 (3645 turns).

Leibowitz the Cutter (Kobold Berserker)             Turns: 3645, Time: 00:13:03

HP  -6/58        AC  1     Str 22      XL: 6   Next: 28%
MP   5/5         EV 16     Int  5      God: Trog [***...]
Gold 149         SH 12     Dex 16      Spells:  0 memorised,  5 levels left

Res.Fire  : . . .   See Invis. : .   a - +0,+2 dagger (freeze)
Res.Cold  : . . .   Warding    : .   (no armour)
Life Prot.: . . .   Conserve   : .   o - +2 buckler
Res.Poison: .       Res.Corr.  : .   (no helmet)
Res.Elec. : .       Clarity    : .   (no cloak)
Sust.Abil.: . .     Spirit.Shd : .   (no gloves)
Res.Mut.  : .       Stasis     : .   f - +0 pair of boots
Res.Rott. : .       Flight     : .   (no amulet)
Saprovore : + + .                    (no ring)
                                     (no ring)

@: berserking, very quick, slightly resistant to hostile enchantments, extremely
unstealthy
A: disease resistance, carnivore 3, saprovore 2
a: Burn Spellbooks, Berserk, Trog's Hand, Renounce Religion


You were on level 4 of the Dungeon.
You worshipped Trog.
Trog was most pleased with you.
You were not hungry.

You visited 1 branch of the dungeon, and saw 4 of its levels.

You collected 129 gold pieces.

Inventory:

Hand weapons
 a - a +0,+2 dagger of freezing (weapon)
 s - a +0,+0 short sword
Missiles
 h - 5 needles of confusion
Armour
 f - a +0 pair of boots (worn)
 o - a +2 buckler (worn)
Magical devices
 u - a wand of digging (12) {unknown}
Comestibles
 c - 2 meat rations
Scrolls
 b - a scroll of fog {unknown}
 e - 4 scrolls of identify {unknown}
 g - a scroll of teleportation {unknown}
 i - 4 scrolls of remove curse {unknown}
 k - 2 scrolls of enchant weapon II {unknown}
 m - a scroll of random uselessness {unknown}
 n - 4 scrolls of enchant weapon I {unknown}
 p - a scroll of amnesia {unknown}
 q - a scroll of curse armour {unknown}
Jewellery
 w - an uncursed amulet of stasis
Potions
 j - a potion of brilliance


   Skills:
 * Level 4.4 Fighting
 + Level 4.8 Short Blades
 - Level 1.5 Armour
 * Level 4.7 Dodging
 * Level 3.3 Stealth
 * Level 1.2 Shields


You had 5 spell levels left.
You didn't know any spells.

Dungeon Overview and Level Annotations

Branches:
Dungeon (4/27)
 Temple: D:4-7

Altars:


Innate Abilities, Weirdness & Mutations

You recuperate from illness quickly.
You are small and have problems with some larger weapons.
You are carnivorous and can eat meat at any time.
You can eat rotten meat.


Message History

You start resting.
An ogre comes into view. It is wielding a giant club.
An ogre is nearby!
The ogre shouts!
Use which ability? (? or * to list)
Your square silver amulet {tried} thrums violently and saps your rage.
You are wearing:
w - an amulet of stasis (around neck)
You feel somewhat more hungry.
You hit the ogre. You freeze the ogre.
The ogre is lightly wounded.
You remove your amulet of stasis.
The ogre hits you with a giant club!
Ouch! That really hurt!
Use which ability? (? or * to list)
A red film seems to cover your vision as you go berserk!
You feel yourself moving faster!
You feel mighty!
You feel somewhat more hungry.
You hit the ogre. You freeze the ogre.
The ogre is lightly wounded.
The ogre hits you with a giant club!
You die...

...........................
...............(..........
.........####...........#
..........#..........##.#
..........#........=.##.#
..........#..........##.#
..........#..........##.#
...#+#....#.....O....##.#
...# #....#.....@.......#
#### #.####...........###
#................#
#####............#
#)....<......#
#............#
#.#......###.# ..#.######
#.# ###### #.#


You could see an ogre.

Vanquished Creatures
  A centaur (D:4)
  A worker ant (D:2)
  3 adders (D:3)
  3 giant mites (D:1)
  2 worms
  2 giant geckos
  4 orcs (D:3)
  3 giant cockroaches
  10 goblins
  11 hobgoblins
  6 jackals
  A quokka (D:1)
  3 bats
  6 giant newts
  A gnoll skeleton (D:4)
  11 kobolds
  7 rats
75 creatures vanquished.

Notes
Turn   | Place    | Note
--------------------------------------------------------------
     0 | D:1      | Leibowitz, the Kobold Berserker, began the quest for the Orb.
     0 | D:1      | Reached XP level 1. HP: 14/14 MP: 0/0
   135 | D:1      | Reached XP level 2. HP: 10/19 MP: 1/1
   671 | D:1      | Acquired Trog's second power
   671 | D:1      | Reached skill level 1 in Stealth
   671 | D:1      | Reached XP level 3. HP: 22/24 MP: 2/2
  1298 | D:2      | Reached XP level 4. HP: 24/29 MP: 3/3
  2210 | D:3      | Reached XP level 5. HP: 17/33 MP: 4/4
  3174 | D:3      | Reached skill level 1 in Shields
  3181 | D:3      | Noticed an orc warrior
  3181 | D:3      | Noticed a centaur
  3398 | D:4      | Killed a centaur
  3398 | D:4      | Reached XP level 6. HP: 24/39 MP: 5/5
  3645 | D:4      | Mangled by an ogre

Action                   |  1- 3 |  4- 6 || total
-------------------------+-------+-------++-------
Melee: Short sword       |    80 |   181 ||   261
       Dagger            |       |    33 ||    33
Invok: Berserk           |       |     3 ||     3
       Trog's Hand       |       |     1 ||     1
  Use: Potion            |       |     5 ||     5
 Stab: Sleeping          |     2 |     8 ||    10
